 Dungeon Crawl Stone Soup version 0.24.0-41-g2ae2f7f1be (webtiles) character file.

Game seed: 2726734867455709163, levelgen mode: deterministic

60 Descartes the Scratcher (level 3, -3/15 HPs)
             Began as a Felid Transmuter on Dec 12, 2019.
             Slain by a gnoll
             ... wielding a +0 whip
              (13 damage)
             ... on level 2 of the Dungeon.
             The game lasted 00:04:41 (2653 turns).

Descartes the Scratcher (Felid Transmuter)          Turns: 2653, Time: 00:04:41

Health: -3/15      AC:  1    Str:  7    XL:     3   Next: 82%
Magic:  6/7        EV: 18    Int: 14    God:
Gold:   73         SH:  0    Dex: 16    Spells: 5/6 levels left
                                        Lives:  0   Deaths: 0

rFire    . . .     SeeInvis +     - Unarmed
rCold    . . .     Gourm    .   (shield unavailable)
rNeg     . . .     Faith    .   (armour unavailable)
rPois    .         Spirit   .   (helmet unavailable)
rElec    .         Reflect  .   (cloak unavailable)
rCorr    .         Harm     .   (gloves unavailable)
MR       .....                  (boots unavailable)
Stlth    +++.......             (no amulet)
HPRegen  0.05/turn              (no ring)
MPRegen  0.10/turn              (no ring)

@: appendage (expiring), quick
A: very small, no armour, no weapons or thrown items, stealth, claws 1, fangs 3,
horns 2, see invisible, carnivore, speed 1, shaggy fur 1, slow metabolism 1,
sharp paws
a: End Transformation


You were on level 2 of the Dungeon.
You were not hungry.
You had grown temporary horns.
You visited 1 branch of the dungeon, and saw 2 of its levels.

You collected 73 gold pieces.

Inventory:

Missiles
 a - 12 arrows
 d - 85 stones
Scrolls
 b - a scroll of teleportation {unknown}
 e - a scroll of remove curse {unknown}
 f - a scroll of fog {unknown}
 i - a scroll of identify {unknown}
Potions
 g - a potion of invisibility {unknown}
 h - a potion of flight {unknown}
Comestibles
 c - 2 rations


   Skills:
 + Level 1.5 Fighting
 + Level 3.1 Dodging
 * Level 2.4 Stealth
 * Level 3.5 Unarmed Combat
 + Level 2.2 Spellcasting
 + Level 2.6 Transmutations


You had 5 spell levels left.
You knew the following spells:

 Your Spells              Type           Power        Failure   Level  Hunger
a - Beastly Appendage     Tmut           #.....       8%          1    #......

Your spell library contained the following spells:

 Spells                   Type           Power        Failure   Level  Hunger
 Sticks to Snakes         Tmut           #.......     12%         2    ###....
 Spider Form              Tmut/Pois      #.........   38%         3    ###....
 Ice Form                 Ice/Tmut       #.......     80%         4    #####..
 Blade Hands              Tmut           #.........   91%         5    ######.


Dungeon Overview and Level Annotations

Branches:
Dungeon (2/15)

Altars:


Innate Abilities, Weirdness & Mutations

You cannot wear armour.
You are incapable of wielding weapons or throwing items.
Your paws allow you to move quietly. (Stealth)
You have sharp claws.
You have razor-sharp teeth.
You have supernaturally acute eyesight. (SInv)
You are carnivorous and can eat meat at any time.
You cover ground quickly.
You are covered in fur. (AC +1)
You have a slow metabolism.
Your sharp claws are effective at attacking unaware monsters.
You have a pair of horns on your head.


Message History

You see here 23 stones.
The gnoll hits you with a +0 whip.
You scratch the gnoll. Your headbutt misses the gnoll.
The gnoll is moderately wounded.
Your transformation is almost over.
The gnoll hits you with a +0 whip.
You closely miss the gnoll. You bite the gnoll, but do no damage.
The gnoll is moderately wounded.
The gnoll closely misses you.
You scratch the gnoll but do no damage. Your headbutt misses the gnoll.
The gnoll is moderately wounded.
The gnoll completely misses you.
You closely miss the gnoll. You headbutt the gnoll. You bite the gnoll.
The gnoll is severely wounded.
The gnoll barely misses you.
You barely miss the gnoll.
The gnoll is severely wounded.
The gnoll hits you with a +0 whip!
Ouch! That really hurt!
You die...

####### ##.....## ##.......##
####........g###############
#...<.>......@()..............
####.........#######.######...
#.......g.# #.# #.#
#.........### #.#####..##
#)..........## ##.........)
#.........#..###.<)........
#.?.......##.##............
#.........##...............
#.........#####............


You could see 2 gnolls.

Vanquished Creatures
  2 gnolls
  An adder (D:1)
  2 oozes (D:1)
  5 bats
  2 giant cockroaches (D:1)
  A goblin (D:2)
  3 hobgoblins
  6 kobolds
  3 rats
25 creatures vanquished.

Notes
Turn   | Place    | Note
-------+----------+-------------------------------------------
     0 | D:1      | Descartes the Felid Transmuter began the quest for the Orb.
     0 | D:1      | Reached XP level 1. HP: 9/9 MP: 4/4
   210 | D:1      | Reached skill level 1 in Stealth
   264 | D:1      | Reached XP level 2. HP: 12/12 MP: 6/6
  1919 | D:2      | Reached XP level 3. HP: 15/15 MP: 7/7
  2653 | D:2      | Slain by a gnoll

Levels and vault maps discovered:
D:1:      dpeg_arrival_boxorama, layout_basic
D:2:      layout_rooms, uniq_crazy_yiuf_cottage

Skill      XL: |  1  2 |
---------------+-------+-----
Stealth        | 1 2 |  2.4
Dodging        | 3 |  3.1
Fighting       | |  1.5
Unarmed Combat | |  3.5
Spellcasting   | |  2.2
Transmutations | |  2.6

Action                   || total
-------------------------++-------
Melee: Unarmed           ||    82
       Bite              ||     7
       Headbutt          ||     3
 Cast: Beastly Appendage ||     5
 Stab: Sleeping          ||     3
  Eat: Chunk             ||     5
Armor: Skin              ||     2
Dodge: Dodged            ||    80
